 Dungeon Crawl Stone Soup version 0.30-a0-358-g0d69a1922f (webtiles) character file.

Game seed: 9113648212340728194

21 mopl the Sneak (level 2, -1/21 HPs)
             Began as an Octopode Delver on Nov 9, 2022.
             Shot with an arrow by a centaur (3 damage)
             ... on level 5 of the Dungeon.
             The game lasted 00:01:02 (170 turns).

mopl the Sneak (Octopode Delver)                     Turns: 170, Time: 00:01:03

Health: -1/21      AC:  1    Str: 11    XL:     2   Next: 87%
Magic:  2/3        EV: 13    Int: 12    God:
Gold:   0          SH:  0    Dex: 13    Spells: 2/2 levels left

rFire   . . .      SeeInvis +    a - +0 falchion
rCold   . . .      Faith    .    (no shield)
rNeg    . . .      Spirit   .    (helmet restricted)
rPois   .          Reflect  .    (no amulet)
rElec   .          Harm     .    g - ring of see invisible
rCorr   .          Rampage  .    (no ring)
Will    .....                    (no ring)
Stlth   ++++......               (no ring)
HPRegen 0.23/turn                (no ring)
MPRegen 0.08/turn                (no ring)
                                 (no ring)
                                 (no ring)

@: mighty
A: almost no armour, amphibious, 8 rings, camouflage 1, gelatinous body 1,
(nimble swimmer 1), tentacles
a: no special abilities


You were on level 5 of the Dungeon.
You visited 1 branch of the dungeon, and saw 2 of its levels.

Inventory:

Hand Weapons
 a - a +0 falchion (weapon)
Jewellery
 g - a ring of see invisible (left tentacle)
Wands
 f - a wand of digging (3)
Scrolls
 b - a scroll of fog
 c - a scroll of magic mapping
 d - a scroll of fear
 i - a scroll of enchant armour {unknown}
 j - a scroll of identify {unknown}
Potions
 e - a potion of haste


   Skills:
 + Level 3.2 Fighting
 - Level 2.0 Long Blades
 + Level 2.2 Dodging
 + Level 6.8 Stealth
 + Level 0.7 Spellcasting
 + Level 1.0 Evocations


You had 2 spell levels left.
You didn't know any spells.
Your spell library was empty.

Dungeon Overview and Level Annotations

Branches:
Dungeon (5/15)
 Temple: D:4-7

Altars:
Nemelex Xobeh
Sif Muna

Shops:
D:4 [*


Innate Abilities, Weirdness & Mutations

You cannot wear most types of armour.
You are amphibious.
You can wear up to eight rings at the same time.
Your skin changes colour to match your surroundings (Stealth+).
Your rubbery body absorbs attacks. (AC +1, EV +1)
((You are camouflaged when in or above water. (Stealth+)))
You have tentacles for arms and can constrict up to eight enemies at once.


Message History

A quokka comes into view.
Found a scroll labelled DYOFATZ SYBOI.
Found 13 gold pieces.
The quokka closely misses you.
You slash the quokka!
You kill the quokka!
No target in view!
No target in view!
j - a scroll labelled DYOFATZ SYBOI
Found 11 gold pieces.
An orc comes into view. It is wielding a +0 whip.
Found a shimmering blue altar of Sif Muna.
An orc comes into view. It is wielding a +0 club.
An orc comes into view. It is wielding a +0 dagger.
The orc shouts! x3
An ogre comes into view. It is wielding a +0 giant spiked club.
Found a chain mail.
Found a stone staircase leading down.
An adder comes into view.
A centaur comes into view.
The adder hisses angrily.
You slash the adder! Your grab misses the adder.
The adder is severely wounded.
The adder bites you. x2
You miss the adder. Your grab misses the adder.
The adder is severely wounded.
The orc barely misses you. The adder misses you.
The orc hits you with a +0 whip. The adder misses you.
You hit the adder.
You kill the adder!
The centaur shouts!
You hear an angry hiss.
The centaur wields a +0 shortbow.
The centaur shoots an arrow.
The arrow barely misses you. The orc hits you with a +0 whip.
The centaur shoots an arrow.
The arrow hits you!
Ouch! That really hurt!
* * * LOW HITPOINT WARNING * * *
Your Evocations skill increases to level 1!
It was a potion of might.
You feel very mighty all of a sudden.
The centaur shoots an arrow.
The arrow hits you.
You die...

#.>...#######.....#
#####.#..$..#.##.....
#.#....$#.## ###.
#.#.._..#..#
#o#.....#o.....#
#.#.....#..##O..#
#o###'###..# ...
#.o.......## ..
#@###...#.# [ #†#
#.#...# #.. #.#..##
##.# .# .# .. #c


You could see a centaur and 3 orcs.

Vanquished Creatures
  2 adders (D:5)
  A ball python (D:4)
  A quokka (D:5)
4 creatures vanquished.

Notes
Turn   | Place    | Note
-------+----------+-------------------------------------------
     0 | D:5      | mopl the Octopode Delver began the quest for the Orb.
     0 | D:5      | Reached XP level 1. HP: 16/16 MP: 1/1
    11 | D:4      | Noticed an iguana
    25 | D:4      | Found Heifejiz's General Store.
    27 | D:4      | Found Xid Moa's Antique Armour Shoppe.
    33 | D:4      | Noticed a necrophage
    38 | D:4      | Noticed a scorpion
    40 | D:4      | Noticed an orc priest
    40 | D:4      | Noticed an orc priest
    55 | D:5      | Found a sparkling altar of Nemelex Xobeh.
    83 | D:5      | Reached XP level 2. HP: 19/21 MP: 2/2
   134 | D:5      | Found a shimmering blue altar of Sif Muna.
   140 | D:5      | Noticed an ogre
   166 | D:5      | Noticed a centaur
   170 | D:5      | Reached skill level 1 in Evocations
   170 | D:5      | Shot with an arrow by a centaur

Illustrated notes

Levels and vault maps discovered:
D:4:      layout_cave_pools, lemuel_round_altar, minmay_temple_entry_junction,
          serial_shops, shop_fountains, shop, shop_statue
D:5:      layout_rooms, nemelex_altar_shiori, cheibriados_altar_1,
          amcnicky_altar_gilded

Skill      XL: |  1  2 |
---------------+-------+-----
Evocations     | 1 |  1.0
Fighting       | |  3.2
Long Blades    | |  2.0
Dodging        | |  2.2
Stealth        | |  6.8
Spellcasting   | |  0.7

Action                   || total
-------------------------++-------
Melee: Falchion          ||    10
  Use: Potion            ||     1
 Stab: Sleeping          ||     1
Dodge: Dodged            ||    10

Table legend: (Time is in decaauts)
 A = Elapsed time spent in this place.
 B = Non-inter-level travel time spent in this place.
 C = Inter-level travel time spent in this place.
 D = Time resting spent in this place.
 E = Time spent auto-exploring this place.
 F = Levels seen in this place.
 G = Mean time per level.
                   A        B        C        D        E       F      G
               +--------+--------+--------+--------+--------+-----+--------+
         Total |    172 |    172 |      0 |      0 |     31 |   2 |   86.0 |
       Dungeon |    172 |    172 |      0 |      0 |     31 |   2 |   86.0 |
               +--------+--------+--------+--------+--------+-----+--------+

Top non-repeatable levels by time:
     D:5: 135 daAuts
     D:4: 36 daAuts
